 Dungeon Crawl Stone Soup version 0.27-a0-705-ga0013940fb (webtiles) character file.

Game seed: 14222387024846815026

191 sanka the Ducker (level 5, -4/61 HPs)
             Began as a Vampire Abyssal Knight on Mar 22, 2021.
             Was a Priest of Lugonu.
             Killed by divine providence
             ... invoked by an orc priest
              (10 damage)
             ... on level 3 of the Dungeon.
             The game lasted 00:03:27 (2277 turns).

sanka the Ducker (Vampire Abyssal Knight)           Turns: 2277, Time: 00:03:30

Health: -4/61      AC: 22    Str: 11    XL:     5   Next: 41%
Magic:  7/7        EV:  2    Int: 15    God:    Lugonu [***...]
Gold:   53         SH:  0    Dex: 14    Spells: 4/4 levels left

rFire    . . .     SeeInvis +   b - +2 dagger (drain)
rCold    . . .     Faith    .   (no shield)
rNeg     + + +     Spirit   .   (armour currently unavailable)
rPois    +         Reflect  .   (helmet currently unavailable)
rElec    .         Harm     .   (cloak currently unavailable)
rCorr    .         Rampage  .   (gloves currently unavailable)
Will     .....     NoTele   +   (boots currently unavailable)
Stlth    +.........             (no amulet)
HPRegen  0.40/turn              j - ring of poison resistance
MPRegen  0.10/turn              (no ring)

@: tree-form, regenerating quickly
A: stationary, stasis, torment immunity, boosted hp, alive, (fangs 3), see
invisible, (unbreathing 1), vampiric 2
a: Exsanguinate, Renounce Religion, Depart the Abyss, Bend Space, Banish


You were on level 3 of the Dungeon.
You worshipped Lugonu.
Lugonu was most pleased with you.
You were a tree.
You visited 1 branch of the dungeon, and saw 3 of its levels.
You visited the Abyss 1 time.

You collected 53 gold pieces.


Innate Abilities, Weirdness & Mutations

You are a tree.
Your roots penetrate the ground, keeping you stationary.
You cannot be teleported.
You are immune to unholy pain and torment.
Your maximum health is greatly increased.
Your equipment is partially melded.
Your natural rate of healing is unusually fast.
((You have razor-sharp teeth.))
You have supernaturally acute eyesight. (SInv)
((You can survive without breathing.))
You are afflicted with vampirism and can become a bat while bloodless.


   Skills:
 - Level 3.0 Fighting
 + Level 3.2 Short Blades
 - Level 2.0 Polearms
 - Level 0.7 Armour
 + Level 4.0 Dodging
 + Level 2.7 Invocations


You had 4 spell levels left.
You didn't know any spells.
Your spell library was empty.

Inventory:

Hand Weapons
 a - a +1 short sword of distortion
 b - a +2 dagger of draining (weapon)
 d - a +1 spear
Missiles
 k - 14 poisoned darts
Armour
 c - a +0 pair of boots (melded)
 l - a +0 robe of cold resistance (melded)
Jewellery
 j - a ring of poison resistance (right branch)
Scrolls
 g - 4 scrolls of identify {unknown}
 i - 2 scrolls of fear {unknown}
Potions
 e - 2 potions of degeneration {unknown}
 f - 2 potions of lignification
 h - a potion of brilliance {unknown}

Dungeon Overview and Level Annotations

Branches:
Dungeon (3/15)

Altars:
Dithmenos
Nemelex Xobeh
Zin

Annotations:
D:3 2 transporters

▒▒▒.▒......▒....▒▒▒(▒......
▒.▒▒▒▒▒..▒....▒▒▒.▒..▒.▒. ▒
▒..▒........▒..▒.▒.
▒..▒........▒..▒.▒.
▒..▒........▒..▒.▒.
▒.▒▒.▒.▒▒▒▒.▒..▒.▒.
▒..▒.▒.▒ .▒..▒.▒. ▒.o▒.▒.▒
▒..▒.▒. ▒o♣▒.▒.▒ ▒... ▒.
▒o.▒.▒.▒ ▒. ▒..▒.▒.▒ ▒.
▒..▒.▒.▒ ▒. ▒..▒.▒ ▒▒
▒..▒.▒ ▒..▒.▒ ▒..▒.▒ ▒.▒


You could see an orc priest (drained) and 2 orcs.


Message History

The orc priest is severely wounded.
The orc priest hits you with a +0 mace. The orc barely misses you.
The orc misses you.
Unknown command.
You hit the orc priest but do no damage.
You drain the orc priest.
The orc priest is severely wounded.
The orc priest mumbles some strange prayers to Beogh against you.
Beogh smites you!
* * * LOW HITPOINT WARNING * * *
The orc hits you but does no damage. The orc hits you with a +0 short sword.
* * * LOW HITPOINT WARNING * * *
You hit the orc priest but do no damage.
You drain the orc priest.
The orc priest is almost dead.
The orc priest mumbles some strange prayers to Beogh against you.
Beogh smites you!
* * * LOW HITPOINT WARNING * * *
The orc misses you.
Unknown command.
It was a potion of lignification.
You turn into a tree.
You feel less resistant to cold.
Your roots penetrate the ground.
The orc hits you but does no damage.
The orc priest mumbles some strange prayers to Beogh against you.
Beogh smites you!
You die...

Action                   |  1- 3 |  4- 6 || total
-------------------------+-------+-------++-------
Melee: Short sword       |    25 |       ||    25
       Spear             |     5 |       ||     5
       Dagger            |    55 |    72 ||   127
       Bite              |     6 |     6 ||    12
  Use: Potion            |       |     1 ||     1
 Stab: Sleeping          |     1 |       ||     1
Armor: Leather armour    |    18 |     2 ||    20
       Robe              |       |    13 ||    13
       Skin              |       |     1 ||     1
Dodge: Dodged            |    39 |    62 ||   101

Levels and vault maps discovered:
D:1:      evilmike_arrival_rings, layout_basic, fountainhead
D:2:      minmay_kobold_bridge, layout_basic, nicolae_overflow_hidden_temple,
          zin_angel, hangedman_decor_points
D:3:      gammafunk_steamed_eel, layout_basic, nemelex_dance_club_becter

Notes
Turn   | Place    | Note
-------+----------+-------------------------------------------
     0 | Abyss:1  | sanka the Vampire Abyssal Knight began the quest for the
                  | Orb.
     0 | Abyss:1  | Reached XP level 1. HP: 17/17 MP: 2/2
     4 | D:1      | Escaped the Abyss
   161 | D:1      | Reached skill level 2 in Polearms
   186 | D:1      | Reached XP level 2. HP: 23/23 MP: 3/3
   253 | D:1      | Reached skill level 3 in Fighting
   266 | D:1      | Reached ** piety under Lugonu
   267 | D:1      | Reached skill level 1 in Short Blades
   903 | D:2      | Gained mutation: You are afflicted with vampirism and can
                  | become a bat while bloodless. [Vampire growth]
   903 | D:2      | Reached XP level 3. HP: 29/29 MP: 4/4
   949 | D:2      | Reached skill level 3 in Dodging
  1373 | D:2      | Found a shadowy altar of Dithmenos.
  1395 | D:2      | Noticed an angel
  1551 | D:3      | Reached skill level 2 in Short Blades
  1551 | D:3      | Reached skill level 2 in Invocations
  1551 | D:3      | Reached XP level 4. HP: 19/35 MP: 5/5
  1790 | D:3      | Found a transporter.
  1975 | D:3      | Found a sparkling altar of Nemelex Xobeh.
  2041 | D:3      | Found a transporter.
  2220 | D:3      | Reached skill level 3 in Short Blades
  2220 | D:3      | Reached skill level 4 in Dodging
  2220 | D:3      | Reached XP level 5. HP: 41/41 MP: 6/6
  2220 | D:3      | Reached *** piety under Lugonu
  2276 | D:3      | HP: 4/41 [orc priest/divine providence (8)]
  2277 | D:3      | Killed from afar by an orc priest

Vanquished Creatures
  A scorpion (D:3)
  A hound (D:3)
  An orc wizard (D:3)
  2 adders (D:3)
  A worm (D:2)
  A dart slug (D:3)
  3 orcs (D:3)
  9 bats
  4 goblins
  3 hobgoblins
  7 oozes
  2 quokkas
  7 ball pythons
  A frilled lizard (D:1)
  11 kobolds
  4 rats
58 creatures vanquished.
